 Dungeon Crawl Stone Soup version 0.28.0 (webtiles) character file.

Game seed: 10407471651370696003

31087 RepoMan the Grappler (level 13, -1/104 HPs)
             Began as a Palentonga Transmuter on Feb 10, 2022.
             Was an Elder of Qazlal.
             Slain by an efreet (9 damage)
             ... on level 1 of the Abyss.
             The game lasted 03:36:47 (20053 turns).

RepoMan the Grappler (Palentonga Transmuter)       Turns: 20053, Time: 03:36:48

Health: -1/104     AC:  2    Str: 15    XL:     13   Next: 24%
Magic:  19/19      EV: 25    Int: 14    God:    Qazlal [****..]
Gold:   727        SH:  5    Dex: 25    Spells: 2/20 levels left

rFire   . . .      SeeInvis +     - Unarmed
rCold   . . .      Faith    .   (shield currently unavailable)
rNeg    . . .      Spirit   .   (armour currently unavailable)
rPois   x          Reflect  .   (helmet currently unavailable)
rElec   .          Harm     .   (cloak currently unavailable)
rCorr   .          Rampage  .   (gloves currently unavailable)
Will    .....                   (no barding)
Stlth   +.........              (no amulet)
HPRegen 0.27/turn               t - +4 ring of slaying
MPRegen 0.16/turn               I - +6 ring of dexterity

@: about to teleport, spider-form (expiring), repel missiles
A: venomous fangs, tiny, rugged brown scales 3, see invisible, (deformed body),
(roll 1), (armoured tail), (reflexive curl)
a: End Transformation, Renounce Religion, Upheaval, Elemental Force


You were on level 1 of the Abyss.
You worshipped Qazlal.
Qazlal was greatly pleased with you.
You were a venomous arachnid creature.
You visited 3 branches of the dungeon, and saw 18 of its levels.
You visited the Abyss 1 time.
You also visited: Bailey.

You collected 817 gold pieces.
You spent 90 gold pieces at shops.

Inventory:

Hand Weapons
 b - a +3 vorpal flail
 y - the +6 hunting sling "Plog" {flame, Dex+4}
   (You took it off a gnoll on level 5 of the Dungeon)

   Any ammunition fired from it burns those it strikes, dealing additional fire
   damage.
   Dex:       It affects your dexterity (+4).
 D - a +2 scimitar of flaming
Missiles
 a - 357 stones
 m - 10 poisoned darts
 n - 3 silver javelins
 s - a throwing net
 A - 7 curare-tipped darts
Armour
 d - +0 steam dragon scales
 l - a +0 cloak (melded)
 x - a +0 pair of gloves (melded)
 z - a +2 helmet (melded)
 E - a +1 robe of resistance (melded)
Magical Staves
 B - a staff of air
Jewellery
 t - a +4 ring of slaying (left front leg)
 I - a +6 ring of dexterity (right front leg)
 N - a ring of willpower
 R - a +6 ring of intelligence
Wands
 p - a wand of mindburst (15)
 P - a wand of iceblast (4)
 S - a wand of charming (6)
Scrolls
 j - a scroll of enchant weapon
 o - 3 scrolls of magic mapping {unknown}
 q - a scroll of teleportation
 r - 2 scrolls of brand weapon {unknown}
 u - 2 scrolls of amnesia {unknown}
 w - 2 scrolls of vulnerability {unknown}
 C - 5 scrolls of noise {unknown}
 G - a scroll of acquirement {unknown}
 J - a scroll of blinking {unknown}
 O - 2 scrolls of fear {unknown}
 Q - a scroll of torment {unknown}
Potions
 e - a potion of attraction
 f - 2 potions of ambrosia
 h - 4 potions of lignification {unknown}
 i - a potion of might
 k - 5 potions of mutation
 F - a potion of flight {unknown}
 L - a potion of brilliance
 M - a potion of cancellation {unknown}
Miscellaneous
 K - a phial of floods (inert)


   Skills:
 - Level 8.0 Fighting
 + Level 5.7 Dodging
 + Level 14.0 Unarmed Combat
 - Level 4.0 Spellcasting
 * Level 13.1 Transmutations
 - Level 2.4 Earth Magic
 + Level 6.8 Invocations


You had 2 spell levels left.
You knew the following spells:

 Your Spells              Type           Power      Damage    Failure   Level
a - Beastly Appendage     Tmut           78%        N/A       1%          1
i - Ice Form              Ice/Tmut       21%        N/A       30%         4
m - Summon Small Mammal   Summ           8%         N/A       38%         1
p - Ignite Poison         Fire/Tmut/Pois 15%        N/A       24%         3
s - Spider Form           Tmut/Pois      21%        N/A       12%         3
t - Petrify               Tmut/Erth      24%        N/A       21%         4
w - Wereblood             Tmut           39%        N/A       1%          2

Your spell library contained the following spells:

 Spells                   Type           Power      Damage    Failure   Level
 Searing Ray              Conj           4%         2d4       50%         2
 Yara's Violent Unravell  Hex/Tmut       10%        3d6       56%         5
 Call Canine Familiar     Summ           2%         N/A       71%         3
 Conjure Flame            Conj/Fire      2%         6-21      71%         3
 Gell's Gravitas          Tloc           2%         N/A       71%         3
 Inner Flame              Hex/Fire       2%         N/A       71%         3
 Lesser Beckoning         Tloc           2%         N/A       71%         3
 Mephitic Cloud           Conj/Pois/Air  2%         N/A       71%         3
 Summon Guardian Golem    Hex/Summ       2%         N/A       71%         3
 Teleport Other           Tloc           2%         N/A       71%         3
 Tukima's Dance           Hex            2%         N/A       71%         3
 Statue Form              Tmut/Erth      16%        N/A       90%         6
 Cause Fear               Hex            1%         N/A       96%         4
 Passage of Golubria      Tloc           2%         N/A       96%         4
 Sticky Flame             Conj/Fire      2%         2d3       96%         4
 Iskenderun's Battlesphe  Conj           2%         2d6       100%        5
 Metabolic Englaciation   Hex/Ice        1%         N/A       100%        5
 Summon Forest            Summ/Tloc      1%         N/A       100%        5
 Summon Mana Viper        Hex/Summ       2%         N/A       100%        5
 Starburst                Conj/Fire      1%         6d3       100%        6
 Summon Cactus Giant      Summ           1%         N/A       100%        6
 Discord                  Hex            1%         N/A       100%        8


Dungeon Overview and Level Annotations

Branches:
Dungeon (11/15)            Temple (1/1) D:6            Lair (6/6) D:9
  Swamp (0/4) Lair:2       Spider (0/4) Lair:3       Bailey (visited)
  Slime: Lair:5-6       Orc: D:9-12

Altars:
Ashenzari
Cheibriados
Dithmenos
Elyvilon
Fedhas
Gozag
Hepliaklqana
Kikubaaqudgha
Makhleb
Nemelex Xobeh
Okawaru
Qazlal
Ru
Sif Muna
Trog
Uskayaw
Vehumet
Wu Jian
Xom
Yredelemnul
Zin
The Shining One
Lugonu

Shops:
D:6 (

Annotations:
D:6 1 runed translucent door, exclusions: 2 yaks and 3 more exclusions, Crazy Yiuf, Sigmund
D:8 acid dragon
Lair:6 Sonja


Innate Abilities, Weirdness & Mutations

You are a venomous arachnid creature.
You have poisonous fangs.
You are tiny and dextrous.
Your spellcasting is less reliable in this form.
Your armour is entirely melded.
You are incapable of wielding weapons or throwing items.
(You are completely covered in rugged brown scales. (AC +3, +7% HP))
You have supernaturally acute eyesight. (SInv)
((Armour fits poorly on your strangely shaped body.))
((You can roll at nearby foes to attack.))
((You have a long armoured tail.))
((You curl defensively after being hit. (AC +7*)))


Message History

Your body is wracked with pain!
Your transformation is almost over.
As you read the scroll of teleportation, it crumbles to dust.
You feel strangely unstable.
You feel the power of the Abyss delaying your translocation!
The sky beast completely misses you.
Okay, then.
Aiming: Dig
Press: ? - help, Shift-Dir - straight line A rock wall.
The rock shatters into small pieces.
The dread lich is engulfed in blazing flames.
You block the sky beast's attack.
Unknown command.
Aiming: Dig
Press: ? - help, Shift-Dir - straight line A rock wall.
The rock shatters into small pieces.
The now-empty wand crumbles to dust.
You hear a shout!
The sky beast flickers out of sight for a moment.
The sky beast misses you.
You hear a shout! x2
Unknown command.
You maul the sky beast!!
You kill the sky beast!
That felt strangely unrewarding.
You hear a shout!
The dread lich is engulfed in blazing flames.
The Brimstone Fiend gestures at you.
The sphere of damnation explodes!
The damnation engulfs you!
* * * LOW HITPOINT WARNING * * *
Unknown command.
Okay, then.
Unknown command.
Unknown command.
You feel better.
The efreet hits you with a +3 scimitar of flaming!!
* * * LOW HITPOINT WARNING * * *
The efreet burns you!
You die...

#. #. . . ..# #
### ....### .
###..#...#.# .#..
#....#.....#... .
###...
.#...#.#....
#....#...#.#...#..
.............. ..
###○○L°..○○○.○...
##sR########## .#.
###...1.....
.○.... ...
##..##..##.... #..
. ..# #......
#...# .......# R.
. # .
.......##L..# ##
##.. # ○... #..# °
... .. .. .. .


You could see a dread lich (invisible), a Brimstone Fiend (summoned) and an
efreet.

Vanquished Creatures
  Nessos (Lair:5)
  Josephine (Lair:5)
  8 hydras
  Erica (D:8)
  2 two-headed ogres (D:9)
  6 death yaks
  Urug (Lair:4)
  A wretched star (Abyss:1)
  6 elephants
  5 black mambas
  10 cane toads
  A rime drake (Lair:1)
  2 komodo dragons
  A troll (D:9)
  A hornet (D:9)
  A jumping spider (Lair:3)
  4 wyverns
  A shadow (D:9)
  18 yaks
  A ynoxinul (Abyss:1)
  5 wraiths (Lair:5)
  A chaos spawn (Abyss:1)
  2 basilisks
  3 steam dragons
  Edmund (D:6)
  An acid dragon (D:9)
  3 sky beasts
  11 water moccasins
  2 small abominations (Abyss:1)
  3 black bears
  A swamp drake (Lair:2)
  3 orc warriors
  A necrophage (D:5)
  13 wolves
  2 ogres
  A centaur (D:5)
  3 phantoms
  A kobold brigand (D:8)
  5 bullfrogs
  A wyvern zombie (D:7)
  A gnoll sergeant (D:5)
  A scorpion (D:5)
  2 water moccasin zombies
  3 killer bees
  5 howler monkeys
  6 electric eels
  A jelly (D:3)
  6 hounds
  2 bullfrog zombies
  5 centaur zombies
  5 orc priests
  A quasit (Abyss:1)
  4 iguanas
  Natasha (D:2)
  10 orc wizards
  A killer bee zombie (D:7)
  2 howler monkey zombies
  14 gnolls
  3 adders
  2 shadow imps (D:7)
  2 white imps
  2 ufetubi
  3 adder skeletons (D:4)
  2 dart slugs
  34 orcs
  7 endoplasms
  A giant cockroach (D:4)
  6 goblins
  2 hobgoblins
  3 jackals (D:2)
  17 kobolds
  2 quokkas
  4 ball pythons
  A bat (D:3)
  2 frilled lizards
  8 rats
306 creatures vanquished.

Vanquished Creatures (others)
  25 fungi
  101 plants
126 creatures vanquished.

Grand Total: 432 creatures vanquished

Notes
Turn   | Place    | Note
-------+----------+-------------------------------------------
     0 | D:1      | RepoMan the Palentonga Transmuter began the quest for the
                  | Orb.
     0 | D:1      | Reached XP level 1. HP: 16/16 MP: 3/3
   474 | D:1      | Reached XP level 2. HP: 22/22 MP: 5/5
   496 | D:1      | Learned a level 2 spell: Wereblood
   775 | D:1      | Found a faded altar of an unknown god.
  1114 | D:2      | Reached XP level 3. HP: 27/27 MP: 6/6
  1657 | D:2      | Noticed Natasha
  1662 | D:2      | Killed Natasha
  1663 | D:2      | Reached skill level 4 in Unarmed Combat
  1663 | D:2      | Reached XP level 4. HP: 35/35 MP: 7/7
  2102 | D:3      | Noticed a black bear
  2234 | D:3      | Found an ancient bone altar of Kikubaaqudgha.
  2537 | D:3      | Found a sacrificial altar of Ru.
  2557 | D:3      | Found a white marble altar of Elyvilon.
  2598 | D:3      | Reached XP level 5. HP: 40/40 MP: 8/8
  2841 | D:3      | Found an ornate altar of the Wu Jian Council.
  2869 | D:3      | Reached skill level 5 in Unarmed Combat
  2877 | D:3      | Killed a black bear
  2878 | D:3      | Reached XP level 6. HP: 47/47 MP: 8/10
  3845 | D:4      | Gained mutation: You curl defensively after being hit. (AC
                  | +7*) [Palentonga growth]
  3845 | D:4      | Reached XP level 7. HP: 47/54 MP: 11/11
  3934 | D:4      | Reached skill level 6 in Unarmed Combat
  4489 | D:5      | Entered Level 5 of the Dungeon
  4783 | D:5      | Found an iron altar of Okawaru.
  4864 | D:5      | Found a sparkling altar of Nemelex Xobeh.
  4989 | D:5      | Identified the +6 hunting sling "Plog" {flame, Dex+4}
  5343 | D:5      | Found a large runed translucent door.
  5344 | D:5      | Found a large runed translucent door.
  5687 | D:5      | Reached skill level 7 in Unarmed Combat
  5801 | D:5      | Reached XP level 8. HP: 63/64 MP: 10/12
  5835 | D:6      | Found a staircase to the Ecumenical Temple.
  5859 | D:6      | Reached skill level 5 in Transmutations
  5895 | Temple   | Entered the Ecumenical Temple
  5951 | D:5      | Found a shimmering blue altar of Sif Muna.
  6020 | D:5      | Found a stormy altar of Qazlal.
  6025 | D:5      | Became a worshipper of Qazlal Stormbringer
  6057 | D:6      | Found Iskair's Hydra Hut.
  6064 | D:6      | Reached skill level 8 in Unarmed Combat
  6071 | D:6      | Noticed a six-headed hydra
  6162 | D:6      | Found a faded altar of an unknown god.
  6162 | D:6      | Found a hazy altar of Hepliaklqana.
  6164 | D:6      | Noticed Sigmund
  6255 | D:6      | Found a burning altar of Makhleb.
  6273 | D:6      | Noticed Edmund
  6289 | D:6      | Learned a level 3 spell: Spider Form
  6310 | D:6      | Killed Edmund
  6443 | D:6      | Found a runed translucent door.
  6444 | D:6      | Noticed Crazy Yiuf
  6584 | D:6      | Reached skill level 5 in Fighting
  6624 | D:6      | Found a broken altar of Ashenzari.
  6827 | D:6      | Reached XP level 9. HP: 72/72 MP: 11/13
  6920 | D:7      | Found a hide-covered altar of Uskayaw.
  7026 | D:6      | Reached skill level 9 in Unarmed Combat
  7696 | D:7      | Found Zin's Purification Station.
  7699 | D:7      | Found a glowing silver altar of Zin.
  7703 | D:7      | Bought a potion of curing for 90 gold pieces
  8528 | D:7      | Reached * piety under Qazlal
  8848 | D:8      | Reached skill level 10 in Unarmed Combat
  9109 | D:7      | Learned a level 1 spell: Summon Small Mammal
  9113 | D:7      | Learned a level 3 spell: Ignite Poison
  9261 | D:8      | Noticed Erica
  9269 | D:8      | Killed Erica
  9270 | D:8      | Reached XP level 10. HP: 82/82 MP: 12/14
  9327 | D:9      | Found a flagged portal.
  9350 | Bailey   | Entered a bailey
  9470 | D:9      | Found a blossoming altar of Fedhas.
  9481 | D:9      | Found a snail-covered altar of Cheibriados.
  9493 | D:9      | Reached ** piety under Qazlal
  9598 | D:9      | Reached skill level 11 in Unarmed Combat
  9601 | D:9      | Paralysed by a hornet for 3 turns
 10129 | D:9      | Found a staircase to the Lair.
 10145 | D:9      | Noticed a two-headed ogre
 10405 | D:9      | Noticed a two-headed ogre
 10437 | D:9      | Killed a two-headed ogre
 10438 | D:9      | Reached skill level 1 in Invocations
 10882 | Lair:1   | Entered Level 1 of the Lair of Beasts
 11258 | D:10     | Entered Level 10 of the Dungeon
 11365 | D:10     | Reached skill level 12 in Unarmed Combat
 11562 | D:10     | Reached *** piety under Qazlal
 11564 | D:10     | Reached XP level 11. HP: 62/92 MP: 7/15
 11947 | D:11     | Noticed a tengu warrior
 12649 | D:9      | Killed a two-headed ogre
 12670 | D:9      | Learned a level 4 spell: Ice Form
 12675 | D:9      | Learned a level 4 spell: Petrify
 12708 | Lair:1   | Noticed a seven-headed hydra
 12718 | Lair:1   | Noticed a seven-headed hydra
 12798 | Lair:1   | Noticed a seven-headed hydra
 12821 | Lair:1   | Noticed a five-headed hydra
 12847 | Lair:1   | Killed a three-headed hydra
 12858 | Lair:1   | Killed a one-headed hydra
 12868 | Lair:1   | Reached skill level 10 in Transmutations
 12979 | Lair:1   | Killed a one-headed hydra
 13072 | Lair:1   | Reached skill level 1 in Earth Magic
 13130 | Lair:1   | Got the Disquisition on Envenoming and Arcane Weapons
 13197 | Lair:1   | Killed a two-headed hydra
 13935 | Lair:2   | Noticed a death yak
 13938 | Lair:2   | Noticed a death yak
 14027 | Lair:2   | Noticed a death yak
 14027 | Lair:2   | Noticed a death yak
 14030 | Lair:2   | Noticed a death yak
 14032 | Lair:2   | Noticed a death yak
 14047 | Lair:1   | Killed a death yak
 14048 | Lair:1   | Reached skill level 13 in Unarmed Combat
 14399 | Lair:1   | Killed a death yak
 14400 | Lair:1   | Reached XP level 12. HP: 98/98 MP: 13/18
 14430 | Lair:1   | Killed a death yak
 14512 | Lair:1   | Killed a death yak
 14750 | Lair:1   | Killed a death yak
 14884 | Lair:2   | Killed a death yak
 15088 | Lair:2   | Identified the +2 plate armour "Feir" {Will+ Dex+2}
 15190 | Lair:2   | Noticed a five-headed hydra
 15198 | Lair:2   | Killed a one-headed hydra
 15478 | Lair:2   | Found a staircase to the Swamp.
 15975 | Lair:3   | Found a hole to the Spider Nest.
 16157 | Lair:3   | Reached skill level 5 in Invocations
 16352 | Lair:3   | Noticed a five-headed hydra
 16521 | Lair:3   | Killed a two-headed hydra
 16522 | Lair:3   | Reached skill level 5 in Dodging
 17682 | Lair:4   | Noticed Urug
 17836 | Lair:4   | Noticed a four-headed hydra
 17842 | Lair:4   | Killed a one-headed hydra
 17930 | Lair:4   | Reached XP level 13. HP: 104/104 MP: 15/19
 17965 | Lair:4   | Killed Urug
 17985 | Lair:4   | Reached **** piety under Qazlal
 18768 | Lair:5   | Noticed Josephine
 18780 | Lair:5   | Killed Josephine
 18876 | Lair:5   | Noticed Nessos
 18896 | Lair:5   | Killed Nessos
 19154 | Lair:5   | Reached skill level 14 in Unarmed Combat
 19629 | Lair:6   | Entered Level 6 of the Lair of Beasts
 19629 | Lair:6   | Noticed Sonja
 19636 | Lair:6   | Cast into level 1 of the Abyss (Sonja)
 19658 | Abyss:1  | Noticed a starcursed mass
 19821 | Abyss:1  | Noticed a starcursed mass
 19905 | Abyss:1  | Noticed a starcursed mass
 19927 | Abyss:1  | Noticed a bone dragon
 20018 | Abyss:1  | Noticed a dread lich
 20047 | Abyss:1  | Noticed a Brimstone Fiend
 20053 | Abyss:1  | Slain by an efreet

Illustrated notes

Levels and vault maps discovered:
D:1:      giann_bridges, layout_basic, chequers_ecumenical_altar_lobes
D:2:      layout_basic, kennysheep_decorative_pillar, st_stairs_1, uniq_natasha
D:3:      layout_loops_ring, nicolae_wu_jian_wuxing_cycle,
          mainiacjoe_overflow_swirl, old_standard_altar, dk_noncrumbling_2,
          hangedman_decor_clover_reticule, st_stairs_8
D:4:      layout_basic, serial_corexii_hall, chequers_hall_statues_corner_a,
          corexii_hall_statues_x
D:5:      layout_loops_corners, nemelex_diamond_rough_becter,
          okawaru_gym_becter, jmf_multi_god_temple2
D:6:      layout_loops_cross, general_overflow_altar,
          mainiacjoe_overflow_surrounded_room,
          beargit_hepliaklqana_dungeon_heroes, minmay_temple_entry_large_hall,
          minmay_crystal_water, doesnt_shop_hydraphobe, uniq_crazy_yiuf_cottage,
          uniq_edmund
D:7:      layout_rooms, mainiacjoe_overflow_tiny_flanked, zin_purify,
          kennysheep_opposing_triangles
D:8:      layout_rooms, minmay_misc_feat_tower, nicolae_shop_gadgets,
          uniq_joseph, uniq_erica
D:9:      layout_loops_cross, mainiacjoe_overflow_catch_the_wave,
          erik_lair_island, enter_bailey_6
D:10:     layout_cave_pools
D:11:     layout_irregular_city, nicolae_trove_entry_columns
Temple:   corrupted_temple
Lair:1:   layout_small_grid, serial_forest, infiniplex_forest_straight_2,
          infiniplex_forest_lined_room_2, infiniplex_forest_straight_4,
          infiniplex_forest_clump_diagonal, infiniplex_forest_straight_4,
          grunt_megastairs_3, lemuel_fruit_tree
Lair:2:   layout_loops_ring, minmay_swamp_entry_reptiles, serial_bayou_shore_b
Lair:3:   layout_loops_ring, spider_nest_entry_a
Lair:4:   layout_roguey, lemuel_fruit_fields, uniq_urug
Lair:5:   layout_cave_pods, chequers_serial_rivers_micro_e, uniq_josephine,
          uniq_nessos
Lair:6:   grunt_lair_end_beastmaster, layout_gridlike,
          minmay_slime_entry_pillars, ebering_ghost_inner_flame, basic_altar,
          uniq_sonja
Abyss:1:  base:
D:14

Skill      XL: |  1  2  3  4  5  6  7  8  9 10 11 12 13 |
---------------+----------------------------------------+-----
Fighting       | 2 3 5 6 8 |  8.0
Unarmed Combat | 4 5 7 8 10 12 13 14 | 14.0
Transmutations | 3 4 6 7 8 10 12 13 | 13.1
Spellcasting   | 3 4 |  4.0
Invocations    | 3 6 |  6.8
Dodging        | 3 5 |  5.7
Earth Magic    | 2 |  2.4

Action                   |  1- 3 |  4- 6 |  7- 9 | 10-12 | 13-15 || total
-------------------------+-------+-------+-------+-------+-------++-------
Melee: Unarmed           |    58 |    55 |   141 |   291 |    83 ||   628
       Tailslap          |     9 |     9 |    19 |    26 |     5 ||    68
       Kick              |     9 |     8 |    42 |    45 |     4 ||   108
       Headbutt          |     6 |     7 |    13 |    24 |     3 ||    53
       Punch             |       |       |     4 |     9 |     1 ||    14
       Staff             |       |       |     4 |     2 |       ||     6
       Scimitar          |       |       |       |    35 |     6 ||    41
 Fire: Hunting sling     |    29 |    67 |   104 |    67 |       ||   267
Throw: Dart              |     4 |    16 |    19 |     4 |       ||    43
       Throwing net      |       |       |     4 |     1 |       ||     5
 Cast: Beastly Appendage |    15 |    14 |    30 |    27 |     1 ||    87
       Wereblood         |     1 |     1 |     4 |    11 |     1 ||    18
       Spider Form       |       |       |     1 |    14 |     6 ||    21
       Summon Small Mamm |       |       |       |     9 |     1 ||    10
       Petrify           |       |       |       |    10 |     3 ||    13
       Ice Form          |       |       |       |    14 |     8 ||    22
       Ignite Poison     |       |       |       |     1 |       ||     1
Invok: Upheaval          |       |       |       |     2 |       ||     2
       Elemental Force   |       |       |       |     1 |       ||     1
 Abil: Rolling Charge    |       |       |     7 |    22 |     3 ||    32
       End Transformatio |       |       |       |       |     1 ||     1
Evoke: Wand              |       |       |       |     7 |     5 ||    12
       Phial of floods   |       |       |       |     1 |       ||     1
  Use: Scroll            |       |       |     5 |     3 |     5 ||    13
       Potion            |       |       |     1 |     6 |     4 ||    11
 Stab: Held in net/web   |       |       |     1 |       |       ||     1
       Distracted        |       |       |       |     1 |       ||     1
       Petrified         |       |       |       |    14 |     7 ||    21
       Petrifying        |       |       |       |     1 |     1 ||     2
Armor: Robe              |    14 |     7 |    42 |    77 |     9 ||   149
       Skin              |       |       |       |    11 |     7 ||    18
Dodge: Dodged            |    26 |    25 |    73 |   173 |    45 ||   342
       Repelled          |       |       |       |       |     1 ||     1
Block: Other             |       |       |       |    41 |    16 ||    57
